Stars vs Admirals

Created - Friday, January 02, 2015 at 00:03

Goals
1 2 3 T
Stars 0 1 0 1
Admirals 2 1 0 3
Shots
1 2 3 T
Stars 6 14 10 30
Admirals 10 4 6 20

1st period

1. Admirals , Mike Sislo 14 (Ryan Bourque, Carter Camper) at 15:10
2. Admirals , Jean-Gabriel Pageau 13 (Sven Andrighetto, Darryl Boyce) at 16:32

Penalties :
Cameron Gaunce (TEX) for Delaying the game (Minor) at 17:02

2nd period

3. Stars , Michael Davies 11 (Matt Watkins, Carlo Colaiacovo) at 7:43
4. Admirals , Jonathan Marchessault 13 (Jerry D'Amigo) at 14:38

Penalties :
Jimmy Bonneau (NOR) for Fighting (Major) at 3:51, Steven Delisle (TEX) for Fighting (Major) at 3:51, Darryl Boyce (NOR) for Fighting (Major) at 4:08, Jamie Oleksiak (TEX) for Fighting (Major) at 4:08

3rd period

No Goal

Penalties :
Jimmy Bonneau (NOR) for Hooking (Minor) at 9:51

Goalie Stats

Hannu Toivonen (TEX), 17 saves from 20 shots - (0.850), L, 2-7-1, 60:00 minutes
Brad Thiessen (NOR), 29 saves from 30 shots - (0.967), W, 13-9-3, 60:00 minutes

Players Stats for Stars

Player Name              G  A  P  +/- PIM S  H  SB GA TA FO     MP     PP MP  PK MP  
------------------------------------------------------------------------------------
Alexandre Grenier        0  0  0  -2  0   3  0  0  3  1  0/0    20:50   1:41   1:09 
Austin Madaisky          0  0  0  -1  0   0  0  0  2  0  0/0    12:34   0:52   0:00 
Cameron Gaunce           0  0  0   0  2   0  1  0  0  3  0/0    18:10   0:00   0:00 
Carlo Colaiacovo         0  1  1   1  0   7  5  1  4  0  0/0    22:11   1:07   0:53 
Carter Bancks            0  0  0  -1  0   1  1  0  0  0  2/3    18:25   0:00   1:09 
Jamie Oleksiak           0  0  0  -2  5   1  2  0  2  0  0/0    19:04   0:00   1:06 
Joonas Rask              0  0  0   0  0   0  0  0  0  0  0/0     0:00   0:00   0:00 
Justin Shugg             0  0  0   0  0   4  2  1  2  1  2/5    21:23   1:41   0:50 
Matt Lowry               0  0  0  -1  0   1  3  0  0  0  2/6    16:18   0:31   0:00 
Matt Tennyson            0  0  0  -1  0   1  2  1  1  2  0/0    27:01   1:07   1:06 
Matt Watkins             0  1  1  -1  0   3  1  0  1  0  0/1    19:46   0:18   0:00 
Michael Davies           1  0  1   0  0   2  3  0  0  1  0/0    20:06   0:18   0:50 
Nicolas Blanchard        0  0  0  -1  0   0  0  0  1  0  0/0     2:33   0:00   0:00 
Spencer Machacek         0  0  0   0  0   2  0  0  0  2  1/1    17:52   0:00   0:00 
Steven Delisle           0  0  0  -1  5   0  0  0  0  1  0/0    22:28   0:52   0:53 
Vinny Saponari           0  0  0   0  0   0  0  0  0  0  0/0     0:26   0:00   0:00 
Wacey Hamilton           0  0  0   0  0   1  2  0  1  1  3/8    19:21   0:18   0:00 
Zac Dalpe                0  0  0   0  0   4  1  0  1  2  8/14   19:29   1:10   0:00 

Players Stats for Admirals

Player Name              G  A  P  +/- PIM S  H  SB GA TA FO     MP     PP MP  PK MP  
------------------------------------------------------------------------------------
Bryan Rodney             0  0  0   0  0   1  2  1  2  1  0/0    25:13   0:50   1:59 
Cade Fairchild           0  0  0   0  0   0  2  2  0  0  0/0    25:13   0:50   1:59 
Carter Camper            0  1  1   1  0   1  2  1  2  1  5/7    13:21   0:00   0:00 
Darryl Boyce             0  1  1   1  5   1  1  1  4  0  0/0    14:33   0:39   0:00 
Farm Player11            0  0  0  -1  0   0  0  1  0  0  0/0    15:38   0:00   0:00 
Farm Player2             0  0  0   3  0   1  0  1  0  1  0/0    19:17   1:09   0:18 
Farm Player42            0  0  0   0  0   0  0  0  1  0  0/1    10:48   0:00   0:00 
Farm Player43            0  0  0  -1  0   0  0  0  0  0  0/0    15:54   0:00   0:00 
Jean-Gabriel Pageau      1  0  1   0  0   1  1  2  4  0  4/8    16:24   0:39   0:00 
Jerry D'Amigo            0  1  1   1  0   1  0  0  7  1  1/1    17:16   1:20   0:00 
Jimmy Bonneau            0  0  0   0  7   0  1  0  1  0  0/1     9:14   0:00   0:00 
Jonathan Marchessault    1  0  1   1  0   1  4  0  2  0  0/0    18:57   1:20   1:41 
Maxime Langelier-Parent  0  0  0   0  0   3  3  0  0  0  1/3    11:18   0:00   0:18 
Mike Sislo               1  0  1   1  0   5  1  0  1  1  0/0    15:04   0:00   0:00 
Mike Zigomanis           0  0  0   1  0   1  2  0  0  0  9/17   18:57   1:20   1:41 
Nathan McIver            0  0  0   3  0   1  1  1  0  0  0/0    19:15   1:09   0:00 
Ryan Bourque             0  1  1   0  0   2  1  3  0  2  0/0    15:11   0:00   0:00 
Sven Andrighetto         0  1  1   0  0   1  2  0  1  0  0/0    16:24   0:39   0:00 

3 Stars

1 - Brad Thiessen (NOR)
2 - Jonathan Marchessault (NOR)
3 - Carlo Colaiacovo (TEX)

Power Play

Stars - 0 on 2 Attempt(s) - 0.00%
Admirals - 0 on 2 Attempt(s) - 0.00%

Penalty Kill

Stars - 2 on 2 Attempt(s) - 100.00% - Score 0 goal in Penalty Kill
Admirals - 2 on 2 Attempt(s) - 100.00% - Score 0 goal in Penalty Kill

Team Stat

Stars - Hits : 23 - Faceoff Wins : 18 - Blocked Shots : 3 - Penalty Minutes : 12
Admirals - Hits : 23 - Faceoff Wins : 20 - Blocked Shots : 13 - Penalty Minutes : 12

Official

Referees : Unknown
Linesman : Unknown

Game Notes

Jimmy Bonneau and Steven Delisle fight to a draw at 3:51 of 2nd period
Darryl Boyce beats up Jamie Oleksiak at 4:08 of 2nd period
10:56 of 2nd period - Penalty Shot by Jimmy Bonneau for Admirals - Stopped by Hannu Toivonen
1:26 of 3rd period - Penalty Shot by Carlo Colaiacovo for Stars - Stopped by Brad Thiessen

Finance

Level 1 -- Attendance: 1517 (75.85%) -- Ticket Income $53,095
Level 2 -- Attendance: 799 (79.90%) -- Ticket Income $11,985
Total Attendance: 2316 (77.20%)
Total Ticket Income: $65,080
Other Income: $31,889
Total Income: $96,969

Stars

5 vs 5 Forward 
   Center                   Left Wing                Right Wing               Time % Phy DF OF 
 1 Zac Dalpe                Justin Shugg             Spencer Machacek         35     1   2  2  
 2 Wacey Hamilton           Matt Watkins             Michael Davies           30     1   2  2  
 3 Matt Lowry               Carter Bancks            Alexandre Grenier        22     1   2  2  
 4 Zac Dalpe                Justin Shugg             Alexandre Grenier        13     1   2  2  

5 vs 5 Defense 
   Defense                  Defense                                           Time % Phy DF OF 
 1 Matt Tennyson            Jamie Oleksiak                                    35     1   2  2  
 2 Steven Delisle           Carlo Colaiacovo                                  30     1   2  2  
 3 Matt Tennyson            Cameron Gaunce                                    22     1   2  2  
 4 Austin Madaisky          Steven Delisle                                    13     1   2  2  

PowerPlay Forward 
   Center                   Left Wing                Right Wing               Time % Phy DF OF 
 1 Zac Dalpe                Justin Shugg             Alexandre Grenier        60     1   2  2  
 2 Wacey Hamilton           Matt Watkins             Michael Davies           40     1   2  2  

PowerPlay Defense
   Defense                  Defense                                           Time % Phy DF OF 
 1 Matt Tennyson            Carlo Colaiacovo                                  60     1   2  2  
 2 Steven Delisle           Austin Madaisky                                   40     1   2  2  

Penalty Kill 4 Players Forward 
   Center                   Wing                     Time % Phy DF OF 
 1 Carter Bancks            Alexandre Grenier        60     1   2  2  
 2 Justin Shugg             Michael Davies           40     1   2  2  

Penalty Kill 4 Players Defense
   Defense                  Defense                  Time % Phy DF OF 
 1 Matt Tennyson            Jamie Oleksiak           60     1   2  2  
 2 Steven Delisle           Carlo Colaiacovo         40     1   2  2  

Penalty Kill - 3 Players Forward 
   Forward                                           Time % Phy DF OF 
 1 Justin Shugg                                      60     1   2  2  
 2 Michael Davies                                    40     1   2  2  

Penalty Kill - 3 Players Defense
   Defense                  Defense                  Time % Phy DF OF 
 1 Matt Tennyson            Carlo Colaiacovo         60     1   2  2  
 2 Steven Delisle           Jamie Oleksiak           40     1   2  2  

4 vs 4 Forward 
   Center                   Wing                     Time % Phy DF OF 
 1 Spencer Machacek         Alexandre Grenier        60     1   2  2  
 2 Justin Shugg             Michael Davies           40     1   2  2  

4 vs 4 Defense
   Defense                  Defense                  Time % Phy DF OF 
 1 Carlo Colaiacovo         Steven Delisle           60     1   2  2  
 2 Cameron Gaunce           Matt Tennyson            40     1   2  2  

Last Minutes Offensive
   Center                   Left Wing                Right Wing               Defense                  Defense                  
   Zac Dalpe                Justin Shugg             Spencer Machacek         Matt Tennyson            Carlo Colaiacovo         

Last Minutes Defensive
   Center                   Left Wing                Right Wing               Defense                  Defense                  
   Zac Dalpe                Justin Shugg             Spencer Machacek         Matt Tennyson            Carlo Colaiacovo         

Goaltenders
Starting : Hannu Toivonen           
Backup : Joey MacDonald           

Extra Forwards
Normal : Alexandre Grenier, Justin Shugg, Carter Bancks - PP : Alexandre Grenier, Justin Shugg - PK : Carter Bancks
Extra Defensemen
Normal : Matt Tennyson, Steven Delisle, Cameron Gaunce - PP : Steven Delisle - PK : Steven Delisle, Matt Tennyson
Penalty Shots
Carter Bancks, Zac Dalpe, Justin Shugg, Michael Davies, Alexandre Grenier

Admirals

5 vs 5 Forward 
   Center                   Left Wing                Right Wing               Time % Phy DF OF 
 1 Mike Zigomanis           Jonathan Marchessault    Jerry D'Amigo            35     1   2  2  
 2 Jean-Gabriel Pageau      Darryl Boyce             Sven Andrighetto         30     1   2  2  
 3 Carter Camper            Ryan Bourque             Mike Sislo               22     1   2  2  
 4 Maxime Langelier-Parent  Jimmy Bonneau            Farm Player42            13     1   2  2  

5 vs 5 Defense 
   Defense                  Defense                                           Time % Phy DF OF 
 1 Bryan Rodney             Cade Fairchild                                    35     1   2  2  
 2 Nathan McIver            Farm Player2                                      30     1   2  2  
 3 Farm Player11            Farm Player43                                     22     1   2  2  
 4 Cade Fairchild           Bryan Rodney                                      13     1   2  2  

PowerPlay Forward 
   Center                   Left Wing                Right Wing               Time % Phy DF OF 
 1 Mike Zigomanis           Jonathan Marchessault    Jerry D'Amigo            60     1   2  2  
 2 Jean-Gabriel Pageau      Darryl Boyce             Sven Andrighetto         40     1   2  2  

PowerPlay Defense
   Defense                  Defense                                           Time % Phy DF OF 
 1 Bryan Rodney             Cade Fairchild                                    60     1   2  2  
 2 Nathan McIver            Farm Player2                                      40     1   2  2  

Penalty Kill 4 Players Forward 
   Center                   Wing                     Time % Phy DF OF 
 1 Mike Zigomanis           Jonathan Marchessault    60     1   2  2  
 2 Jean-Gabriel Pageau      Carter Camper            40     1   2  2  

Penalty Kill 4 Players Defense
   Defense                  Defense                  Time % Phy DF OF 
 1 Bryan Rodney             Cade Fairchild           60     1   2  2  
 2 Nathan McIver            Farm Player2             40     1   2  2  

Penalty Kill - 3 Players Forward 
   Forward                                           Time % Phy DF OF 
 1 Mike Zigomanis                                    60     1   2  2  
 2 Jonathan Marchessault                             40     1   2  2  

Penalty Kill - 3 Players Defense
   Defense                  Defense                  Time % Phy DF OF 
 1 Bryan Rodney             Cade Fairchild           60     1   2  2  
 2 Nathan McIver            Farm Player2             40     1   2  2  

4 vs 4 Forward 
   Center                   Wing                     Time % Phy DF OF 
 1 Mike Zigomanis           Jonathan Marchessault    60     1   2  2  
 2 Jean-Gabriel Pageau      Carter Camper            40     1   2  2  

4 vs 4 Defense
   Defense                  Defense                  Time % Phy DF OF 
 1 Bryan Rodney             Cade Fairchild           60     1   2  2  
 2 Nathan McIver            Farm Player2             40     1   2  2  

Last Minutes Offensive
   Center                   Left Wing                Right Wing               Defense                  Defense                  
   Mike Zigomanis           Jonathan Marchessault    Jerry D'Amigo            Bryan Rodney             Cade Fairchild           

Last Minutes Defensive
   Center                   Left Wing                Right Wing               Defense                  Defense                  
   Mike Zigomanis           Jonathan Marchessault    Jerry D'Amigo            Bryan Rodney             Cade Fairchild           

Goaltenders
Starting : Brad Thiessen            
Backup : David LeNeveu            

Extra Forwards
Normal : Ryan Bourque, Mike Sislo, Maxime Langelier-Parent - PP : Ryan Bourque, Mike Sislo - PK : Maxime Langelier-Parent
Extra Defensemen
Normal : Farm Player11, Farm Player43, Farm Player42 - PP : Farm Player11 - PK : Farm Player43, Farm Player42
Penalty Shots
Mike Zigomanis, Jonathan Marchessault, Jean-Gabriel Pageau, Carter Camper, Jerry D'Amigo

% Time on Ice - Stars

Lines # - Real PCT - Wanted PCT - Time Play
Normal Forward
1 - 33% - 35% - 18:31
2 - 35% - 30% - 19:33
3 - 26% - 22% - 14:41
4 - 6% - 13% - 3:17
Normal Defense
1 - 34% - 35% - 18:53
2 - 27% - 30% - 15:18
3 - 18% - 22% - 10:21
4 - 21% - 13% - 11:30
PP Forward
1 - 85% - 60% - 1:41
2 - 15% - 40% - 0:18
PP Defense
1 - 56% - 60% - 1:07
2 - 44% - 40% - 0:52
PK Forward
1 - 58% - 60% - 1:09
2 - 42% - 40% - 0:50
PK Defense
1 - 55% - 60% - 1:06
2 - 45% - 40% - 0:53
PK3 Forward
1 - 0% - 60%
2 - 0% - 40%
PK3 Defense
1 - 0% - 60%
2 - 0% - 40%
44 Forward
1 - 0% - 60%
2 - 0% - 40%
44 Defense
1 - 0% - 60%
2 - 0% - 40%
Last Minute Offensive  - 0:00
Last Minute Defensive  - 0:00
Total
Forward - 60:00
Defense - 60:00

% Time on Ice - Admirals

Lines # - Real PCT - Wanted PCT - Time Play
Normal Forward
1 - 31% - 35% - 17:08
2 - 28% - 30% - 15:45
3 - 24% - 22% - 13:21
4 - 17% - 13% - 9:48
Normal Defense
1 - 32% - 35% - 18:05
2 - 32% - 30% - 18:06
3 - 28% - 22% - 15:32
4 - 8% - 13% - 4:19
PP Forward
1 - 67% - 60% - 1:20
2 - 33% - 40% - 0:39
PP Defense
1 - 42% - 60% - 0:50
2 - 58% - 40% - 1:09
PK Forward
1 - 100% - 60% - 1:59
2 - 0% - 40% - 0:00
PK Defense
1 - 100% - 60% - 1:59
2 - 0% - 40% - 0:00
PK3 Forward
1 - 0% - 60%
2 - 0% - 40%
PK3 Defense
1 - 0% - 60%
2 - 0% - 40%
44 Forward
1 - 0% - 60%
2 - 0% - 40%
44 Defense
1 - 0% - 60%
2 - 0% - 40%
Last Minute Offensive  - 0:00
Last Minute Defensive  - 0:00
Total
Forward - 60:00
Defense - 60:00

Play by Play

1st period


0:01 of 1st period - Mike Zigomanis wins face-off versus Justin Shugg in neutral zone.
0:12 of 1st period - Wrist shot by Zac Dalpe.
0:12 of 1st period - Shot Misses the Net.
0:14 of 1st period - Slapshot by Jamie Oleksiak.
0:14 of 1st period - Stopped by Brad Thiessen without a rebound.
0:15 of 1st period - Zac Dalpe wins face-off versus Mike Zigomanis in Admirals zone.
0:32 of 1st period - Mike Zigomanis is hit by Justin Shugg and loses puck.
1:20 of 1st period - Wrist shot by Jean-Gabriel Pageau.
1:20 of 1st period - Deflect By Darryl Boyce.
1:20 of 1st period - Stopped by Hannu Toivonen with a rebound.
2:43 of 1st period - Slapshot by Alexandre Grenier.
2:43 of 1st period - Shot Misses the Net.
2:45 of 1st period - Snap shot by Carlo Colaiacovo.
2:45 of 1st period - Stopped by Brad Thiessen without a rebound.
2:46 of 1st period - Mike Zigomanis wins face-off versus Matt Lowry in Admirals zone.
3:43 of 1st period - Snap shot by Jean-Gabriel Pageau.
3:43 of 1st period - Shot Misses the Net.
3:49 of 1st period - Jean-Gabriel Pageau is hit by Zac Dalpe and loses puck.
4:13 of 1st period - Snap shot by Alexandre Grenier.
4:13 of 1st period - Shot Blocked by Farm Player2.
4:31 of 1st period - Austin Madaisky is hit by Carter Camper and loses puck.
5:06 of 1st period - Austin Madaisky is hit by Maxime Langelier-Parent.
5:10 of 1st period - Snap shot by Matt Watkins.
5:10 of 1st period - Deflect By Michael Davies.
5:10 of 1st period - Stopped by Brad Thiessen with a rebound.
5:12 of 1st period - Slapshot by Matt Watkins.
5:12 of 1st period - Stopped by Brad Thiessen without a rebound.
5:13 of 1st period - Mike Zigomanis wins face-off versus Wacey Hamilton in Admirals zone.
6:15 of 1st period - Slapshot by Carlo Colaiacovo.
6:15 of 1st period - Stopped by Brad Thiessen without a rebound.
6:16 of 1st period - Matt Lowry wins face-off versus Farm Player42 in Admirals zone.
6:37 of 1st period - Wrist shot by Jimmy Bonneau.
6:37 of 1st period - Shot Misses the Net.
6:43 of 1st period - Wrist shot by Maxime Langelier-Parent.
6:43 of 1st period - Stopped by Hannu Toivonen with a rebound.
6:47 of 1st period - Slapshot by Nathan McIver.
6:47 of 1st period - Stopped by Hannu Toivonen with a rebound.
6:49 of 1st period - Snap shot by Nathan McIver.
6:49 of 1st period - Shot Misses the Net.
7:22 of 1st period - Wrist shot by Michael Davies.
7:22 of 1st period - Shot Blocked by Nathan McIver.
8:16 of 1st period - Wrist shot by Jean-Gabriel Pageau.
8:16 of 1st period - Shot Misses the Net.
9:37 of 1st period - Slapshot by Bryan Rodney.
9:37 of 1st period - Stopped by Hannu Toivonen without a rebound.
9:38 of 1st period - Spencer Machacek wins face-off versus Maxime Langelier-Parent in Stars zone.
9:38 of 1st period - Spencer Machacek is hit by Jimmy Bonneau.
9:57 of 1st period - Jamie Oleksiak is hit by Cade Fairchild and loses puck.
10:49 of 1st period - Justin Shugg is hit by Cade Fairchild and loses puck.
11:07 of 1st period - Jamie Oleksiak is hit by Mike Sislo and loses puck.
11:24 of 1st period - Snap shot by Mike Sislo.
11:24 of 1st period - Stopped by Hannu Toivonen with a rebound.
12:45 of 1st period - Jean-Gabriel Pageau is hit by Cameron Gaunce and loses puck.
13:00 of 1st period - Snap shot by Darryl Boyce.
13:00 of 1st period - Shot Misses the Net.
13:54 of 1st period - Jamie Oleksiak is hit by Jonathan Marchessault and loses puck.
14:05 of 1st period - Sven Andrighetto is hit by Wacey Hamilton and loses puck.
14:48 of 1st period - Wrist shot by Maxime Langelier-Parent.
14:48 of 1st period - Shot Misses the Net.
15:06 of 1st period - Slapshot by Carter Camper.
15:06 of 1st period - Shot Misses the Net.
15:08 of 1st period - Slapshot by Ryan Bourque.
15:08 of 1st period - Stopped by Hannu Toivonen with a rebound.
15:10 of 1st period - Snap shot by Mike Sislo.
15:10 of 1st period - Goal by Mike Sislo - Stars : 0 - Admirals : 1.
15:11 of 1st period - Wacey Hamilton wins face-off versus Mike Zigomanis in neutral zone.
15:28 of 1st period - Slapshot by Jerry D'Amigo.
15:28 of 1st period - Stopped by Hannu Toivonen with a rebound.
15:47 of 1st period - Carlo Colaiacovo is hit by Mike Zigomanis.
15:53 of 1st period - Wrist shot by Spencer Machacek.
15:53 of 1st period - Deflect By Justin Shugg.
15:53 of 1st period - Stopped by Brad Thiessen without a rebound.
15:54 of 1st period - Zac Dalpe wins face-off versus Jean-Gabriel Pageau in Admirals zone.
16:09 of 1st period - Jamie Oleksiak is hit by Sven Andrighetto and loses puck.
16:32 of 1st period - Snap shot by Jean-Gabriel Pageau.
16:32 of 1st period - Goal by Jean-Gabriel Pageau - Stars : 0 - Admirals : 2.
16:33 of 1st period - Carter Camper wins face-off versus Matt Watkins in neutral zone.
16:38 of 1st period - Carter Camper is hit by Carlo Colaiacovo and loses puck.
16:59 of 1st period - Snap shot by Mike Sislo.
16:59 of 1st period - Stopped by Hannu Toivonen without a rebound.
17:00 of 1st period - Zac Dalpe wins face-off versus Mike Zigomanis in Stars zone.
17:02 of 1st period - Minor Penalty to Cameron Gaunce for Delaying the game.
17:03 of 1st period - Carter Bancks wins face-off versus Mike Zigomanis in Stars zone.
18:08 of 1st period - Icing by Sven Andrighetto.
18:09 of 1st period - Jean-Gabriel Pageau wins face-off versus Justin Shugg in Admirals zone.
18:14 of 1st period - Off-side.
18:15 of 1st period - Justin Shugg wins face-off versus Mike Zigomanis in neutral zone.
19:02 of 1st period - Penalty to Cameron Gaunce is over, Cameron Gaunce is back on ice.
Goals for this period are 0 for Stars vs 2 for Admirals.
Shots for this period are 6 for Stars vs 10 for Admirals.

2nd period


0:01 of 2nd period - Mike Zigomanis wins face-off versus Justin Shugg in neutral zone.
0:26 of 2nd period - Slapshot by Zac Dalpe.
0:26 of 2nd period - Stopped by Brad Thiessen with a rebound.
0:50 of 2nd period - Cade Fairchild is hit by Michael Davies and loses puck.
1:05 of 2nd period - Wrist shot by Michael Davies.
1:05 of 2nd period - Shot Misses the Net.
1:07 of 2nd period - Snap shot by Michael Davies.
1:07 of 2nd period - Shot Blocked by Bryan Rodney.
1:09 of 2nd period - Wrist shot by Matt Watkins.
1:09 of 2nd period - Stopped by Brad Thiessen with a rebound.
1:11 of 2nd period - Slapshot by Carlo Colaiacovo.
1:11 of 2nd period - Stopped by Brad Thiessen with a rebound.
1:17 of 2nd period - Slapshot by Carlo Colaiacovo.
1:17 of 2nd period - Shot Misses the Net.
1:29 of 2nd period - Jonathan Marchessault is hit by Matt Lowry and loses puck.
1:40 of 2nd period - Snap shot by Carlo Colaiacovo.
1:40 of 2nd period - Shot Misses the Net.
2:00 of 2nd period - Bryan Rodney is hit by Jamie Oleksiak and loses puck.
2:11 of 2nd period - Wrist shot by Spencer Machacek.
2:11 of 2nd period - Shot Hit the Post.
2:46 of 2nd period - Matt Watkins is hit by Sven Andrighetto and loses puck.
2:53 of 2nd period - Snap shot by Darryl Boyce.
2:53 of 2nd period - Shot Misses the Net.
2:55 of 2nd period - Snap shot by Jean-Gabriel Pageau.
2:55 of 2nd period - Shot Blocked by Matt Tennyson.
3:09 of 2nd period - Mike Sislo is hit by Matt Lowry and loses puck.
3:14 of 2nd period - Slapshot by Carlo Colaiacovo.
3:14 of 2nd period - Stopped by Brad Thiessen with a rebound.
3:16 of 2nd period - Snap shot by Matt Lowry.
3:16 of 2nd period - Stopped by Brad Thiessen without a rebound.
3:17 of 2nd period - Matt Lowry wins face-off versus Carter Camper in Admirals zone.
3:18 of 2nd period - Slapshot by Carlo Colaiacovo.
3:18 of 2nd period - Shot Blocked by Farm Player11.
3:20 of 2nd period - Slapshot by Carlo Colaiacovo.
3:20 of 2nd period - Shot Misses the Net.
3:26 of 2nd period - Snap shot by Carlo Colaiacovo.
3:26 of 2nd period - Deflect By Alexandre Grenier.
3:26 of 2nd period - Shot Misses the Net.
3:26 of 2nd period - Puck is out of play.
3:27 of 2nd period - Zac Dalpe wins face-off versus Jimmy Bonneau in Admirals zone.
3:30 of 2nd period - Snap shot by Spencer Machacek.
3:30 of 2nd period - Stopped by Brad Thiessen without a rebound.
3:31 of 2nd period - Maxime Langelier-Parent wins face-off versus Zac Dalpe in Admirals zone.
3:48 of 2nd period - Slapshot by Maxime Langelier-Parent.
3:48 of 2nd period - Stopped by Hannu Toivonen with a rebound.
3:51 of 2nd period - Jimmy Bonneau and Steven Delisle fight to a draw.
3:51 of 2nd period - Penalty to Jimmy Bonneau for Fighting.
3:51 of 2nd period - Penalty to Steven Delisle for Fighting.
3:52 of 2nd period - Jean-Gabriel Pageau wins face-off versus Zac Dalpe in Stars zone.
3:57 of 2nd period - Snap shot by Darryl Boyce.
3:57 of 2nd period - Shot Hit the Post.
4:08 of 2nd period - Darryl Boyce beats up Jamie Oleksiak.
4:08 of 2nd period - Penalty to Darryl Boyce for Fighting.
4:08 of 2nd period - Penalty to Jamie Oleksiak for Fighting.
4:09 of 2nd period - Jean-Gabriel Pageau wins face-off versus Zac Dalpe in Stars zone.
4:12 of 2nd period - Wrist shot by Sven Andrighetto.
4:12 of 2nd period - Shot Misses the Net.
4:18 of 2nd period - Snap shot by Alexandre Grenier.
4:18 of 2nd period - Shot Blocked by Jean-Gabriel Pageau.
4:20 of 2nd period - Slapshot by Justin Shugg.
4:20 of 2nd period - Stopped by Brad Thiessen with a rebound.
4:38 of 2nd period - Ryan Bourque is hit by Matt Tennyson and loses puck.
5:47 of 2nd period - Mike Zigomanis is hit by Carlo Colaiacovo and loses puck.
6:07 of 2nd period - Matt Tennyson is hit by Mike Zigomanis and loses puck.
6:54 of 2nd period - Wrist shot by Zac Dalpe.
6:54 of 2nd period - Stopped by Brad Thiessen with a rebound.
7:37 of 2nd period - Slapshot by Carlo Colaiacovo.
7:37 of 2nd period - Shot Blocked by Ryan Bourque.
7:41 of 2nd period - Snap shot by Michael Davies.
7:41 of 2nd period - Shot Blocked by Jean-Gabriel Pageau.
7:43 of 2nd period - Snap shot by Michael Davies.
7:43 of 2nd period - Goal by Michael Davies - Stars : 1 - Admirals : 2.
7:44 of 2nd period - Mike Zigomanis wins face-off versus Zac Dalpe in neutral zone.
8:07 of 2nd period - Slapshot by Zac Dalpe.
8:07 of 2nd period - Shot Misses the Net.
8:09 of 2nd period - Snap shot by Justin Shugg.
8:09 of 2nd period - Stopped by Brad Thiessen with a rebound.
8:11 of 2nd period - Snap shot by Zac Dalpe.
8:11 of 2nd period - Shot Misses the Net.
8:21 of 2nd period - Bryan Rodney is hit by Michael Davies and loses puck.
8:36 of 2nd period - Farm Player11 is hit by Carlo Colaiacovo and loses puck.
9:24 of 2nd period - Matt Tennyson is hit by Darryl Boyce and loses puck.
9:49 of 2nd period - Slapshot by Mike Sislo.
9:49 of 2nd period - Shot Hit the Post.
9:55 of 2nd period - Cade Fairchild is hit by Wacey Hamilton and loses puck.
10:00 of 2nd period - Wrist shot by Matt Tennyson.
10:00 of 2nd period - Deflect By Wacey Hamilton.
10:00 of 2nd period - Stopped by Brad Thiessen with a rebound.
10:41 of 2nd period - Snap shot by Jimmy Bonneau.
10:41 of 2nd period - Shot Misses the Net.
10:43 of 2nd period - Snap shot by Maxime Langelier-Parent.
10:43 of 2nd period - Shot Misses the Net.
10:45 of 2nd period - Slapshot by Farm Player2.
10:45 of 2nd period - Stopped by Hannu Toivonen with a rebound.
10:47 of 2nd period - Backhand shot by Nathan McIver.
10:47 of 2nd period - Shot Misses the Net.
10:49 of 2nd period - Wrist shot by Jimmy Bonneau.
10:49 of 2nd period - Shot Misses the Net.
10:56 of 2nd period - Penalty Shot by Jimmy Bonneau for Admirals.
10:56 of 2nd period - Deke by Jimmy Bonneau.
10:56 of 2nd period - Stopped by Hannu Toivonen.
10:57 of 2nd period - Wacey Hamilton wins face-off versus Jean-Gabriel Pageau in Admirals zone.
11:16 of 2nd period - Sven Andrighetto is hit by Jamie Oleksiak and loses puck.
11:27 of 2nd period - Wrist shot by Alexandre Grenier.
11:27 of 2nd period - Stopped by Brad Thiessen with a rebound.
11:29 of 2nd period - Slapshot by Carlo Colaiacovo.
11:29 of 2nd period - Deflect By Alexandre Grenier.
11:29 of 2nd period - Shot Blocked by Darryl Boyce.
11:29 of 2nd period - Puck is out of play.
11:30 of 2nd period - Jerry D'Amigo wins face-off versus Matt Lowry in Admirals zone.
11:51 of 2nd period - Steven Delisle is hit by Jonathan Marchessault and loses puck.
12:19 of 2nd period - Ryan Bourque is hit by Matt Tennyson and loses puck.
12:36 of 2nd period - Farm Player43 is hit by Matt Watkins and loses puck.
12:58 of 2nd period - Wrist shot by Alexandre Grenier.
12:58 of 2nd period - Stopped by Brad Thiessen with a rebound.
13:12 of 2nd period - Carlo Colaiacovo is hit by Maxime Langelier-Parent and loses puck.
14:06 of 2nd period - Icing by Wacey Hamilton.
14:07 of 2nd period - Mike Zigomanis wins face-off versus Wacey Hamilton in Stars zone.
14:38 of 2nd period - Wrist shot by Jonathan Marchessault.
14:38 of 2nd period - Goal by Jonathan Marchessault - Stars : 1 - Admirals : 3.
14:39 of 2nd period - Carter Camper wins face-off versus Matt Lowry in neutral zone.
14:54 of 2nd period - Snap shot by Matt Tennyson.
14:54 of 2nd period - Shot Blocked by Cade Fairchild.
15:29 of 2nd period - Icing by Carlo Colaiacovo.
15:30 of 2nd period - Zac Dalpe wins face-off versus Jean-Gabriel Pageau in Stars zone.
16:33 of 2nd period - Jamie Oleksiak is hit by Nathan McIver and loses puck.
17:29 of 2nd period - Wrist shot by Maxime Langelier-Parent.
17:29 of 2nd period - Shot Misses the Net.
17:31 of 2nd period - Slapshot by Maxime Langelier-Parent.
17:31 of 2nd period - Stopped by Hannu Toivonen with a rebound.
17:47 of 2nd period - Slapshot by Carlo Colaiacovo.
17:47 of 2nd period - Shot Misses the Net.
17:49 of 2nd period - Slapshot by Carlo Colaiacovo.
17:49 of 2nd period - Stopped by Brad Thiessen without a rebound.
17:50 of 2nd period - Carter Camper wins face-off versus Carter Bancks in Admirals zone.
Goals for this period are 1 for Stars vs 1 for Admirals.
Shots for this period are 14 for Stars vs 4 for Admirals.

3rd period


0:01 of 3rd period - Mike Zigomanis wins face-off versus Zac Dalpe in neutral zone.
0:12 of 3rd period - Jonathan Marchessault is hit by Justin Shugg.
0:24 of 3rd period - Snap shot by Zac Dalpe.
0:24 of 3rd period - Stopped by Brad Thiessen without a rebound.
0:25 of 3rd period - Carter Camper wins face-off versus Wacey Hamilton in Admirals zone.
0:32 of 3rd period - Snap shot by Carter Camper.
0:32 of 3rd period - Stopped by Hannu Toivonen with a rebound.
1:26 of 3rd period - Penalty Shot by Carlo Colaiacovo for Stars.
1:26 of 3rd period - Backhand shot by Carlo Colaiacovo.
1:26 of 3rd period - Stopped by Brad Thiessen.
1:27 of 3rd period - Carter Bancks wins face-off versus Mike Zigomanis in Stars zone.
2:19 of 3rd period - Wrist shot by Justin Shugg.
2:19 of 3rd period - Stopped by Brad Thiessen without a rebound.
2:20 of 3rd period - Jean-Gabriel Pageau wins face-off versus Zac Dalpe in Admirals zone.
3:12 of 3rd period - Icing by Carlo Colaiacovo.
3:13 of 3rd period - Wacey Hamilton wins face-off versus Carter Camper in Stars zone.
3:28 of 3rd period - Slapshot by Carlo Colaiacovo.
3:28 of 3rd period - Stopped by Brad Thiessen with a rebound.
3:30 of 3rd period - Slapshot by Carlo Colaiacovo.
3:30 of 3rd period - Shot Blocked by Ryan Bourque.
3:59 of 3rd period - Snap shot by Alexandre Grenier.
3:59 of 3rd period - Shot Blocked by Ryan Bourque.
4:01 of 3rd period - Snap shot by Alexandre Grenier.
4:01 of 3rd period - Stopped by Brad Thiessen with a rebound.
4:03 of 3rd period - Snap shot by Carter Bancks.
4:03 of 3rd period - Stopped by Brad Thiessen with a rebound.
4:31 of 3rd period - Jamie Oleksiak is hit by Jonathan Marchessault and loses puck.
4:38 of 3rd period - Snap shot by Jerry D'Amigo.
4:38 of 3rd period - Deflect By Mike Zigomanis.
4:38 of 3rd period - Stopped by Hannu Toivonen with a rebound.
6:06 of 3rd period - Jean-Gabriel Pageau is hit by Michael Davies and loses puck.
6:21 of 3rd period - Matt Tennyson is hit by Jean-Gabriel Pageau and loses puck.
7:01 of 3rd period - Snap shot by Mike Sislo.
7:01 of 3rd period - Stopped by Hannu Toivonen with a rebound.
7:03 of 3rd period - Backhand shot by Carter Camper.
7:03 of 3rd period - Shot Misses the Net.
7:05 of 3rd period - Snap shot by Ryan Bourque.
7:05 of 3rd period - Stopped by Hannu Toivonen with a rebound.
7:07 of 3rd period - Snap shot by Ryan Bourque.
7:07 of 3rd period - Shot Blocked by Carlo Colaiacovo.
7:19 of 3rd period - Snap shot by Mike Sislo.
7:19 of 3rd period - Stopped by Hannu Toivonen with a rebound.
7:41 of 3rd period - Slapshot by Cade Fairchild.
7:41 of 3rd period - Shot Misses the Net.
7:57 of 3rd period - Wrist shot by Sven Andrighetto.
7:57 of 3rd period - Stopped by Hannu Toivonen with a rebound.
8:36 of 3rd period - Jamie Oleksiak is hit by Ryan Bourque and loses puck.
9:25 of 3rd period - Snap shot by Zac Dalpe.
9:25 of 3rd period - Shot Misses the Net.
9:27 of 3rd period - Snap shot by Spencer Machacek.
9:27 of 3rd period - Shot Misses the Net.
9:29 of 3rd period - Slapshot by Spencer Machacek.
9:29 of 3rd period - Stopped by Brad Thiessen with a rebound.
9:31 of 3rd period - Snap shot by Jamie Oleksiak.
9:31 of 3rd period - Shot Blocked by Carter Camper.
9:33 of 3rd period - Slapshot by Matt Tennyson.
9:33 of 3rd period - Stopped by Brad Thiessen without a rebound.
9:34 of 3rd period - Zac Dalpe wins face-off versus Maxime Langelier-Parent in Admirals zone.
9:51 of 3rd period - Minor Penalty to Jimmy Bonneau for Hooking.
9:52 of 3rd period - Zac Dalpe wins face-off versus Mike Zigomanis in Admirals zone.
10:09 of 3rd period - Wrist shot by Alexandre Grenier.
10:09 of 3rd period - Shot Blocked by Cade Fairchild.
10:11 of 3rd period - Wrist shot by Zac Dalpe.
10:11 of 3rd period - Stopped by Brad Thiessen with a rebound.
10:13 of 3rd period - Slapshot by Austin Madaisky.
10:13 of 3rd period - Shot Misses the Net.
10:34 of 3rd period - Snap shot by Alexandre Grenier.
10:34 of 3rd period - Shot Misses the Net.
10:47 of 3rd period - Icing by Carlo Colaiacovo.
10:48 of 3rd period - Justin Shugg wins face-off versus Mike Zigomanis in Stars zone.
10:55 of 3rd period - Wrist shot by Carlo Colaiacovo.
10:55 of 3rd period - Stopped by Brad Thiessen without a rebound.
10:56 of 3rd period - Mike Zigomanis wins face-off versus Matt Lowry in Admirals zone.
11:17 of 3rd period - Austin Madaisky is hit by Bryan Rodney and loses puck.
11:42 of 3rd period - Bryan Rodney is hit by Carlo Colaiacovo and loses puck.
11:51 of 3rd period - Penalty to Jimmy Bonneau is over, Jimmy Bonneau is back on ice.
12:01 of 3rd period - Spencer Machacek is hit by Maxime Langelier-Parent and loses puck.
12:40 of 3rd period - Maxime Langelier-Parent is hit by Carlo Colaiacovo and loses puck.
13:29 of 3rd period - Wrist shot by Jean-Gabriel Pageau.
13:29 of 3rd period - Deflect By Sven Andrighetto.
13:29 of 3rd period - Shot Blocked by Justin Shugg.
13:29 of 3rd period - Puck is out of play.
13:30 of 3rd period - Carter Camper wins face-off versus Wacey Hamilton in Stars zone.
14:03 of 3rd period - Wrist shot by Mike Sislo.
14:03 of 3rd period - Shot Misses the Net.
14:22 of 3rd period - Darryl Boyce is hit by Carter Bancks and loses puck.
15:33 of 3rd period - Slapshot by Carlo Colaiacovo.
15:33 of 3rd period - Shot Misses the Net.
15:39 of 3rd period - Michael Davies is hit by Jonathan Marchessault and loses puck.
16:46 of 3rd period - Wrist shot by Matt Watkins.
16:46 of 3rd period - Stopped by Brad Thiessen without a rebound.
16:47 of 3rd period - Mike Zigomanis wins face-off versus Wacey Hamilton in Admirals zone.
17:48 of 3rd period - Nathan McIver is hit by Matt Lowry and loses puck.
18:11 of 3rd period - Alexandre Grenier is hit by Carter Camper and loses puck.
19:17 of 3rd period - Icing by Jean-Gabriel Pageau.
19:18 of 3rd period - Zac Dalpe wins face-off versus Jean-Gabriel Pageau in Admirals zone.
19:45 of 3rd period - Jamie Oleksiak is hit by Bryan Rodney and loses puck.
Goals for this period are 0 for Stars vs 0 for Admirals.
Shots for this period are 10 for Stars vs 6 for Admirals.


Output by the SimonT Hockey Simulator (STHS) for Eric Dolegowski -- Original Page W3C XHTML 1.0 Valid
Hockey Simulator - Hockey Simulation - Hockey Manager